 Dungeon Crawl Stone Soup version 0.24-a0-235-g3f03afc (webtiles) character file.

Game seed: 13440712791596308825

1881 tsujin the Ruffian (level 8, 0/67 HPs)
             Began as a Grey Draconian Transmuter on Apr 8, 2019.
             Was a Believer of Wu Jian.
             Succumbed to a kobold demonologist's poison
             ... on level 7 of the Dungeon.
             The game lasted 00:18:33 (7528 turns).

tsujin the Ruffian (Grey Draconian Transmuter)      Turns: 7528, Time: 00:18:34

Health: 0/67       AC: 11    Str: 13      XL:     8   Next: 91%
Magic:  13/16      EV: 15    Int: 13 (15) God:    Wu Jian [**....]
Gold:   326        SH:  0    Dex: 12      Spells: 14/17 levels left

rFire    + . .     SeeInvis .     - Unarmed
rCold    x . .     Gourm    .   (no shield)
rNeg     . . .     Faith    .   (armour unavailable)
rPois    .         Spirit   +   (helmet restricted)
rElec    .         Reflect  .   (no cloak)
rCorr    .         Harm     .   (no gloves)
MR       .....                  (no boots)
Stlth    +.........             g - amulet of guardian spirit
HPRegen  0.21/turn              d - ring of fire
MPRegen  0.15/turn              e - +2 ring of evasion

@: lethally poisoned (0 -> -8), appendage, very slightly contaminated, lightly
drained, invisible
A: walk through water, unfitting armour, horns 2, unbreathing, cold-blooded, AC
+11
a: End Transformation, Wall Jump, Renounce Religion


You were on level 7 of the Dungeon.
You worshipped Wu Jian.
Wu Jian was pleased with you.
You were hungry.
You had grown temporary horns.
You visited 1 branch of the dungeon, and saw 7 of its levels.

You collected 326 gold pieces.

Inventory:

Missiles
 a - 70 arrows
Jewellery
 d - a ring of fire (left hand)
 e - a +2 ring of evasion (right hand)
 g - an amulet of guardian spirit (around neck)
Wands
 o - a wand of enslavement (7)
 p - a wand of paralysis (7)
 q - a wand of random effects (14)
 s - a wand of scattershot (5)
 t - a wand of polymorph (4)
Scrolls
 b - 2 scrolls of identify
 i - a scroll of teleportation
 k - a scroll of amnesia
 l - 2 scrolls of remove curse
 u - a scroll of fog {unknown}
Potions
 h - 2 potions of brilliance
 j - 2 potions of flight
 m - a potion of agility
Comestibles
 c - 12 rations


   Skills:
 + Level 4.7(4.2) Fighting
 + Level 4.3(3.8) Dodging
 - Level 6.6(6.0) Unarmed Combat
 + Level 5.4(4.9) Spellcasting
 - Level 5.3(4.8) Transmutations
 - Level 1.7(1.3) Evocations


You had 14 spell levels left.
You knew the following spells:

 Your Spells              Type           Power        Failure   Level  Hunger
a - Beastly Appendage     Tmut           ###...       2%          1    None
b - Sticks to Snakes      Tmut           ###.....     4%          2    ##.....

Your spell library contained the following spells:

 Spells                   Type           Power        Failure   Level  Hunger
 Spider Form              Tmut/Pois      #.........   22%         3    ###....
 Blink                    Tloc           N/A          28%         2    ##.....
 Shroud of Golubria       Chrm/Tloc      #.........   28%         2    ##.....
 Gell's Gravitas          Tloc           #.........   50%         3    ###....
 Lesser Beckoning         Tloc           #.........   50%         3    ###....
 Teleport Other           Tloc           #.......     50%         3    ###....
 Ice Form                 Ice/Tmut       #.......     56%         4    ####...
 Blade Hands              Tmut           ###.......   58%         5    ######.
 Passage of Golubria      Tloc           N/A          88%         4    ####...


Dungeon Overview and Level Annotations

Branches:
Dungeon (7/15)             Temple (0/1) D:7

Altars:
Dithmenos
Qazlal
Ru
Trog
Vehumet
Wu Jian

Shops:
D:4 :

Annotations:
D:5 3 runed translucent doors, zazu2006's ghost, amateur DDNe


Innate Abilities, Weirdness & Mutations

You can walk through water.
Your dull iron-grey scales are very hard. (AC +11)
You cannot fit into any form of body armour.
You can survive without breathing.
You are cold-blooded and may be slowed by cold attacks.
You have a pair of horns on your head.


Message History

You feel sick.
Things that are here:
a +0 robe; a +3 morningstar You take 2 damage, and have 4/67 hp.
* * * LOW HITPOINT WARNING * * *
You feel sick.
You take 1 damage, and have 3/67 hp.
* * * LOW HITPOINT WARNING * * *
You feel sick.
Okay, then.
You fade into invisibility!
* * * LOW HITPOINT WARNING * * *
You feel sick.
You are very lightly contaminated with residual magic.
You take 1 damage, and have 2/67 hp.
* * * LOW HITPOINT WARNING * * *
You feel sick.
A wight comes into view. It is wielding a +5 falchion.
You take 1 damage, and have 1/67 hp.
You die...

#########....#.......##.#
.......##....#.##.##.##.###.
.#..#..#.....z..............
.......##....#.#............
......>##....#.#####.#..###.
.......#.....#z# #.....#
.#..#..#.#####.####..#.##
.......#..####.##.#..#.####...
#########.##....@.............
#####..#.#K##.#..#.######
#......#.(.......#.#
#......#.#[##.#..#z#
#......#.#o##.#..#.##########
#........#)##........z.......
#........#(##....#.###.######
#.....#......................
#.....##.#.##....#.###z######


You could see a kobold.

Vanquished Creatures
  A kobold demonologist (D:7)
  An ice beast (D:7)
  A phantom (D:5)
  A big kobold (D:7)
  4 bullfrogs
  2 scorpions (D:4)
  A water moccasin skeleton (D:7)
  4 wights (D:7)
  2 crimson imps (D:6)
  A bullfrog zombie (D:6)
  2 jellies (D:7)
  3 hounds (D:6)
  2 bullfrog skeletons (D:5)
  2 orc priests
  Ijyb (D:3)
  3 worker ants
  A gnoll (D:2)
  10 adders
  2 river rats (D:6)
  A shadow imp (D:7)
  2 oozes
  An adder zombie (D:7)
  An adder skeleton (D:7)
  5 worms
  A dart slug (D:1)
  3 leopard geckos
  13 orcs
  3 bats
  3 giant cockroaches
  5 goblins
  7 hobgoblins (D:1)
  8 jackals
  2 quokkas
  4 ball pythons
  A ball python skeleton (D:4)
  2 frilled lizards
  9 kobolds
  A leopard gecko skeleton (D:6)
  9 rats
125 creatures vanquished.

Vanquished Creatures (collateral kills)
  A phantom (D:4)
  An adder (D:4)
  A worm (D:3)
3 creatures vanquished.

Grand Total: 128 creatures vanquished

Notes
Turn   | Place    | Note
-------+----------+-------------------------------------------
     0 | D:1      | tsujin the Draconian Transmuter began the quest for the
                  | Orb.
     0 | D:1      | Reached XP level 1. HP: 16/16 MP: 3/3
   361 | D:1      | Reached XP level 2. HP: 20/23 MP: 3/5
   787 | D:1      | Reached skill level 4 in Unarmed Combat
  1098 | D:2      | Found an ornate altar of the Wu Jian Council.
  1106 | D:2      | Found a stormy altar of Qazlal.
  1131 | D:2      | Became a worshipper of the Wu Jian Council
  1162 | D:2      | Reached XP level 3. HP: 18/28 MP: 3/6
  1603 | D:2      | Reached XP level 4. HP: 25/35 MP: 5/7
  1611 | D:2      | Learned a level 2 spell: Sticks to Snakes
  1690 | D:2      | Reached skill level 5 in Unarmed Combat
  2160 | D:3      | Found a bloodstained altar of Trog.
  2172 | D:3      | Noticed Ijyb
  2188 | D:3      | Killed Ijyb
  2188 | D:3      | Reached * piety under Wu Jian
  2188 | D:3      | Reached XP level 5. HP: 33/40 MP: 5/8
  2663 | D:3      | Reached skill level 6 in Unarmed Combat
  2686 | D:3      | HP: 2/40 [poisoned by a worker ant]
  2694 | D:3      | HP: 1/40 [poisoned by a worker ant]
  3476 | D:4      | Found Yfutoguw's Book Shop.
  3574 | D:4      | Noticed a phantom
  3617 | D:4      | Killed a phantom
  3617 | D:4      | Reached XP level 6. HP: 38/47 MP: 3/9
  4159 | D:5      | Entered Level 5 of the Dungeon
  4534 | D:5      | Found a runed translucent gate.
  4534 | D:5      | Found a runed translucent gate.
  4534 | D:5      | Found a runed translucent gate.
  4534 | D:5      | Noticed zazu2006's ghost (amateur DDNe)
  4585 | D:5      | Your scales start taking on a dull iron-grey colour.
  4585 | D:5      | Reached XP level 7. HP: 28/52 MP: 4/11
  4585 | D:5      | Gained mutation: You can survive without breathing. [Grey
                  | Draconian growth]
  4891 | D:6      | Found a radiant altar of Vehumet.
  4929 | D:6      | Reached skill level 5 in Transmutations
  5510 | D:6      | Reached skill level 1 in Evocations
  5687 | D:6      | Reached ** piety under Wu Jian
  5687 | D:6      | Reached XP level 8. HP: 42/61 MP: 10/14
  5926 | D:6      | Found a shadowy altar of Dithmenos.
  5926 | D:6      | Found a sacrificial altar of Ru.
  6287 | D:7      | Noticed a kobold demonologist
  6290 | D:7      | Noticed a sixfirhy
  6599 | D:7      | Noticed an ice devil
  7359 | D:7      | Found a staircase to the Ecumenical Temple.
  7466 | D:7      | Noticed an ice devil
  7470 | D:7      | Noticed a rust devil
  7470 | D:7      | Reached skill level 5 in Spellcasting
  7511 | D:7      | Noticed a rust devil
  7520 | D:7      | Killed a kobold demonologist
  7524 | D:7      | HP: 3/67 [poisoned by a kobold demonologist]
  7527 | D:7      | HP: 1/67 [poisoned by a kobold demonologist]
  7528 | D:7      | Succumbed to a kobold demonologist's poison

Levels and vault maps discovered:
D:1:      eino_arrival_tree_alley, layout_loops_corners, minmay_tetromino_l4
D:2:      layout_basic, lemuel_crystal_altar, lemuel_crystal_altar
D:3:      layout_rooms, lemuel_round_altar, uniq_ijyb
D:4:      layout_loops_cross, first_ration, serial_shops, shop
D:5:      layout_cave_pools, ebering_ghost_rock_garden
D:6:      lemuel_ice_spiral_2, layout_basic, nicolae_overflow_crystal_walls,
          gammafunk_temple_overflow_elements, portal_sewer_entry_a
D:7:      layout_basic, lemuel_zombie_altar_kikubaaqudgha, temple_hall

Skill      XL: |  1  2  3  4  5  6  7  8 |
---------------+-------------------------+-----
Unarmed Combat | 4 5 6 |  6.6
Transmutations | 4 5 |  5.3
Spellcasting   | 3 4 5 |  5.4
Dodging        | 2 4 |  4.3
Evocations     | 1 |  1.7
Fighting       | 2 4 |  4.7

Action                   |  1- 3 |  4- 6 |  7- 9 || total
-------------------------+-------+-------+-------++-------
Melee: Unarmed           |   106 |   185 |   483 ||   774
       Headbutt          |     6 |     7 |     9 ||    22
       Tailslap          |     8 |    15 |    38 ||    61
       Kick              |     6 |    10 |    35 ||    51
       Punch             |     1 |     6 |    12 ||    19
 Cast: Beastly Appendage |    14 |    24 |    28 ||    66
       Sticks to Snakes  |       |     9 |     1 ||    10
Invok: Lunge             |       |     9 |    18 ||    27
       Whirlwind         |       |    22 |   198 ||   220
  Use: Scroll            |       |    11 |     1 ||    12
       Potion            |       |     4 |     6 ||    10
 Stab: Distracted        |       |     1 |     1 ||     2
       Sleeping          |       |       |     1 ||     1
  Eat: Chunk             |     2 |     7 |     4 ||    13
       Ration            |       |     1 |     2 ||     3
Armor: Skin              |    32 |    46 |   176 ||   254
Dodge: Dodged            |    67 |    89 |   316 ||   472

Table legend:
 A = Non-vault XP
 B = Vault XP
 C = Vault XP percentage of total XP
 D = Non-vault monster count
 E = Vault monster count
 F = Vault count percentage of total count
                 A         B        C        D         E       F
            +---------+---------+-------+---------+---------+-------
      Total |    2589 |      99 |   3.7 |     115 |      13 |  10.2
            +---------+---------+-------+---------+---------+-------
        D:1 |      32 |       7 |  17.9 |      19 |       4 |  17.4
        D:2 |     107 |       0 |   0.0 |      23 |       0 |   0.0
        D:3 |      61 |      35 |  36.5 |       9 |       1 |  10.0
        D:4 |     337 |       0 |   0.0 |      11 |       0 |   0.0
        D:5 |     231 |       0 |   0.0 |       6 |       0 |   0.0
        D:6 |     681 |      57 |   7.7 |      21 |       8 |  27.6
        D:7 |    1140 |       0 |   0.0 |      26 |       0 |   0.0
            +---------+---------+-------+---------+---------+-------
